 Dungeon Crawl Stone Soup version 0.23-a0-54-gae6112e (webtiles) character file.

505764 Firecrotchwizard the Wrestler (level 24, -6/258 HPs)
             Began as a Troll Fighter on Aug 6, 2018.
             Was the Champion of Okawaru.
             Mangled by Jory
             ... wielding a +2 great sword of slicing
              (21 damage)
             ... on level 5 of the Vaults on Aug 8, 2018.
             The game lasted 02:56:40 (54243 turns).

Firecrotchwizard the Wrestler (Troll Fighter)      Turns: 54243, Time: 02:56:41

Health: -6/258     AC: 43    Str: 51    XL:     24   Next: 16%
Magic:  27/31      EV: 17    Int:  8    God:    Okawaru [******]
Gold:   3773       SH: 25    Dex:  9    Spells: 23/23 levels left

rFire    + + .     SeeInvis .     - Unarmed
rCold    x . .     Gourm    +   L - +4 shield {AC+3}
rNeg     . . .     Faith    .   T - +9 shadow dragon scales "Vuipsif" {Str+5 Stlth++++}
rPois    .         Spirit   .   i - +0 hat of the Tuna {rF++ rC- Str+8 Dex-2}
rElec    .         Reflect  +   Z - scarf {repulsion}
rCorr    .         Harm     .   (gloves unavailable)
MR       +....                  (boots unavailable)
Stlth    ++++......             C - +6 amulet of reflection
HPRegen  0.93/turn              N - ring of Robustness {AC+8}
MPRegen  0.22/turn              j - +5 ring of protection

@: mighty, heroism, finesse, corroded, repel missiles
A: large, unfitting armour, claws 3, fast metabolism 3, gourmand, regeneration
1, shaggy fur 1, tough skin 2
}: 2/15 runes: decaying, gossamer
a: Heroism, Finesse, Renounce Religion


You were on level 5 of the Vaults.
You worshipped Okawaru.
Okawaru was exalted by your worship.
You were very full.

You visited 9 branches of the dungeon, and saw 44 of its levels.
You also visited: Sewer.

You collected 4601 gold pieces.
You spent 828 gold pieces at shops.

Inventory:

Missiles
 o - 94 large rocks (quivered) {!d}
 B - 7 throwing nets {=f, !d}
Armour
 i - the +0 hat of the Tuna (worn) {rF++ rC- Str+8 Dex-2}
   (Okawaru gifted it to you on level 5 of the Depths)

   It affects your strength (+8).
   It affects your dexterity (-2).
   It greatly protects you from fire.
   It makes you vulnerable to cold.
 t - the +0 shield "Inerch" {MR++}
   (Okawaru gifted it to you on level 2 of the Elven Halls)

   It affects your resistance to hostile enchantments.
 L - a +4 shield of protection (worn)
   (Okawaru gifted it to you on level 2 of the Depths)
 T - the +9 shadow dragon scales "Vuipsif" (worn) {Str+5 Stlth++++}
   (Okawaru gifted it to you on level 6 of the Lair of Beasts)

   It affects your strength (+5).
   It makes you much more stealthy.
 Z - a scarf of repulsion (worn)
   (Okawaru gifted it to you on level 2 of the Orcish Mines)
Jewellery
 b - the ring "Husetez" {rC++ SInv}
   (You found it on level 3 of the Depths)

   [ring of see invisible]

   It greatly protects you from cold.
   It lets you see invisible.
 j - a +5 ring of protection (right claw)
   (You found it on level 3 of the Depths)
 m - an uncursed ring of protection from fire {rF+, !d}
   (You found it on level 2 of the Dungeon)
 p - a +5 ring of strength
   (You found it on level 2 of the Dungeon)
 A - an uncursed ring of poison resistance {rPois, !d}
   (You took it off an orc knight on level 2 of the Vaults)
 C - a +6 amulet of reflection (around neck)
   (You took it off an orc wizard on level 7 of the Dungeon)
 N - the ring of Robustness (left claw) {AC+8}
   (You found it on level 5 of the Depths)

   [ring of protection]

   It affects your AC (+8).
 U - an uncursed ring of fire {rF+, rC-}
   (You found it on level 1 of the Vaults)
Wands
 y - a wand of digging (41)
   (You found it on level 7 of the Dungeon)
 D - a wand of acid (15)
   (You found it on level 2 of the Lair of Beasts)
 E - a wand of clouds (6)
   (You found it on level 13 of the Dungeon)
 H - a wand of flame (25)
   (You found it on level 4 of the Depths)
 K - a wand of iceblast (25)
   (You found it on level 3 of the Lair of Beasts)
 Y - a wand of random effects (16)
   (You found it on level 4 of the Depths)
Scrolls
 a - 2 scrolls of holy word {!r}
 f - 6 scrolls of teleportation
 g - 2 scrolls of fear
 n - 8 scrolls of blinking {!r}
 s - a scroll of amnesia
 u - 25 scrolls of remove curse
 v - 6 scrolls of immolation {!r}
 F - 8 scrolls of magic mapping {!r}
 O - a scroll of identify
 P - a scroll of silence
 Q - 3 scrolls of enchant weapon
 S - 5 scrolls of fog
 W - a scroll of brand weapon
Potions
 c - 5 potions of might
 e - 5 potions of brilliance
 h - 2 potions of berserk rage {!q}
 k - 7 potions of curing
 q - a potion of invisibility
 r - 3 potions of lignification {!q}
 w - 2 potions of flight
 x - 7 potions of haste
 z - a potion of agility
 J - 2 potions of heal wounds
 M - 5 potions of ambrosia
 X - a potion of resistance
Miscellaneous
 l - 3 boxes of beasts
 G - 2 sacks of spiders
 I - a lightning rod (4/4)
   (You found it on level 10 of the Dungeon)
 R - a fan of gales
   (You found it on level 5 of the Lair of Beasts)
 V - a phial of floods
   (You found it on level 14 of the Dungeon)
Comestibles
 d - 72 rations {@e1}


   Skills:
 + Level 18.4(23.4) Fighting
 - Level 5.0(10.0) Throwing
 + Level 15.2(20.2) Armour
 + Level 15.3(20.3) Dodging
 - Level 9.0(14.0) Shields
 + Level 21.0(26.0) Unarmed Combat
 - Level 12.2 Invocations


You had 23 spell levels left.
You didn't know any spells.
Your spell library contained the following spells:

 Spells                   Type           Power        Failure   Level  Hunger
 Cause Fear               Hex            #.........   100%        4    #####..
 Magic Dart               Conj           #...         61%         1    ##.....
 Fireball                 Conj/Fire      #.........   100%        5    ######.
 Apportation              Tloc           #.....       61%         1    ##.....
 Conjure Flame            Conj/Fire      #.......     93%         3    ####...
 Bolt of Fire             Conj/Fire      #.........   100%        6    #######
 Lightning Bolt           Conj/Air       #.........   100%        5    ######.
 Slow                     Hex            #.......     75%         2    ###....
 Freezing Cloud           Conj/Ice/Air   #.........   100%        6    #######
 Mephitic Cloud           Conj/Pois/Air  #.......     93%         3    ####...
 Ring of Flames           Chrm/Fire      #.........   100%        7    #######
 Death's Door             Chrm/Necr      #.........   100%        8    #######
 Summon Small Mammal      Summ           #...         61%         1    ##.....
 Blink                    Tloc           N/A          75%         2    ###....
 Animate Dead             Necr           N/A          100%        4    #####..
 Pain                     Necr           #...         61%         1    ##.....
 Animate Skeleton         Necr           N/A          61%         1    ##.....
 Vampiric Draining        Necr           #.........   93%         3    ####...
 Haunt                    Necr/Summ      #.........   100%        7    #######
 Borgnjor's Revivificati  Necr           #.........   100%        8    #######
 Sticky Flame             Conj/Fire      #.......     100%        4    #####..
 Call Imp                 Summ           #.......     75%         2    ###....
 Regeneration             Chrm/Necr      #.........   93%         3    ####...
 Sting                    Conj/Pois      #...         61%         1    ##.....
 Stone Arrow              Conj/Erth      #.....       93%         3    ####...
 Shock                    Conj/Air       #...         61%         1    ##.....
 Swiftness                Chrm/Air       #.......     75%         2    ###....
 Statue Form              Tmut/Erth      #........    100%        6    #######
 Necromutation            Tmut/Necr      #.........   100%        8    #######
 Deflect Missiles         Chrm/Air       #.........   100%        6    #######
 Airstrike                Air            #.........   100%        4    #####..
 Confusing Touch          Hex            #.....       61%         1    ##.....
 Flame Tongue             Conj/Fire      #....        61%         1    ##.....
 Passwall                 Tmut/Erth      #.......     75%         2    ###....
 Ignite Poison            Fire/Tmut/Pois #.......     93%         3    ####...
 Ensorcelled Hibernation  Hex/Ice        #.....       75%         2    ###....
 Silence                  Hex/Air        #.........   100%        5    ######.
 Shatter                  Erth           #.........   100%        9    #######
 Static Discharge         Conj/Air       #.......     93%         3    ####...
 Lee's Rapid Deconstruct  Erth           #.........   100%        5    ######.
 Sandblast                Erth           #.....       61%         1    ##.....
 Conjure Ball Lightning   Conj/Air       #.........   100%        6    #######
 Portal Projectile        Hex/Tloc       #.....       93%         3    ####...
 Petrify                  Tmut/Erth      #.......     100%        4    #####..
 Tornado                  Air            #.........   100%        9    #######
 Leda's Liquefaction      Hex/Erth       #.........   100%        4    #####..
 Discord                  Hex            #.........   100%        8    #######
 Summon Lightning Spire   Summ/Air       #.......     100%        4    #####..
 Summon Guardian Golem    Hex/Summ       #.......     93%         3    ####...
 Yara's Violent Unravell  Hex/Tmut       #.........   100%        5    ######.
 Infestation              Necr           #.........   100%        8    #######
 Poisonous Vapours        Pois/Air       #.....       75%         2    ###....
 Ignition                 Fire           #.........   100%        8    #######


Dungeon Overview and Level Annotations

Branches:
Dungeon (15/15)            Temple (1/1) D:4            Lair (6/6) D:10
  Swamp (4/4) Lair:4       Spider (4/4) Lair:2        Slime (0/5) Lair:6
    Orc (2/2) D:12            Elf (2/3) Orc:2        Vaults (5/5) D:14
  Crypt (0/3) Vaults:3     Depths (5/5) D:15            Zot (0/5) Depths:5

Altars:
Cheibriados
Elyvilon
Gozag
Hepliaklqana
Kikubaaqudgha
Makhleb
Nemelex Xobeh
Okawaru
Ru
Trog
Vehumet
Xom
Yredelemnul
Zin
The Shining One
Beogh

Shops:
D:6 %   D:9 :   D:11 %   D:13 *   D:15 :   Orc:2 :!}(   Elf:2 (   Depths:1 *(
Depths:2 :[*:

Portals:
Hell: Depths:1 Depths:2 Depths:3 Depths:4 Depths:5
Abyss: Depths:4 Depths:5
Pandemonium: Depths:1 Depths:2 Depths:3 Depths:4 Depths:5
Ziggurat: Depths:3

Annotations:
D:6 3 runed doors, limozeen581's ghost, novice HOFE
D:11 3 runed doors
D:12 3 runed doors, snuffy's ghost, journeyman DEFE
D:15 3 runed doors, Waecyras's ghost, adept KoGl
Lair:5 3 runed doors, hollowman's ghost, journeyman MiBe
Vaults:5 Boris; Jory
Depths:3 exclusions: angel and 2 daevas


Innate Abilities, Weirdness & Mutations

You are too large for most types of armour.
You have claws for hands.
Your metabolism is lightning-fast.
You like to eat raw meat.
Your natural rate of healing is unusually fast.
You are covered in fur. (AC +1)
You have very tough skin. (AC +2)


Message History

* * * LOW HITPOINT WARNING * * *
The ettin barely misses you. You block the yaktaur's attack.
You take 42 damage, and have 48/258 hp.
The vault warden blocks your attack.
The vault warden hits you but does no damage.
You eviscerate the vault warden!!!!
You kill the vault warden!
Okawaru accepts your kill.
The runic seals fade away.
You hear two shouts!
You hear a shout!
You block the sixfirhy's attack.
The lich touches you but does no damage.
The sixfirhy completely misses you.
The sphinx mumbles some strange words.
Something smites you!
* * * LOW HITPOINT WARNING * * *
The yaktaur captain hits you but does no damage.
You take 10 damage, and have 39/258 hp.
A queen bee and a frost giant come into view.
The frost giant is wielding a battleaxe of freezing.
The frost giant shouts!
You hear two shouts!
You hear a shout!
The sphinx seems less brilliant.
The sixfirhy disappears in a puff of smoke!
The lich points at you and mumbles some strange words.
You struggle to resist.
You block the Hell Sentinel's attack. x2
The rust devil misses you.
The deep elf mage casts a spell.
The deep elf demonologist closely misses you.
You block the tengu reaver's attack. The tengu reaver misses you.
The tengu reaver claws you but does no damage.
The Brimstone Fiend calls on the powers of darkness!
The yaktaur convulses! x2; The ogre convulses!
The ironbrand convoker convulses!
The deep elf demonologist convulses!
The sphinx convulses!
The ettin convulses!
The deep elf high priest convulses!
Your body is wracked with pain!
* * * LOW HITPOINT WARNING * * *
The stone giant convulses!
The yaktaur captain convulses!
The ironheart preserver convulses!
The yaktaur captain convulses!
The tengu reaver convulses!
The stone giant convulses!
The ogre convulses!
The komodo dragon convulses!
The deep elf annihilator convulses!
The fire giant convulses!
The deep elf mage convulses!
You block the stone giant's attack.
The sphinx casts a spell.
The sphinx is healed somewhat.
The queen bee moves out of view.
Items here: ! ((( )))) [[[ †† You take 18 damage, and have 21/258 hp.
Okay, then.
Okay, then.
As you read the scroll of fear, it crumbles to dust.
You assume a fearsome visage.
The lich is unaffected.
The deep elf demonologist looks frightened!
The deep elf mage looks frightened!
The rust devil is unaffected.
The red devil is unaffected.
The deep elf annihilator resists with some effort.
The stone giant looks frightened!
The battlesphere is unaffected.
The ettin looks frightened!
The sphinx looks frightened!
The yaktaur captain easily resists.
The fire giant resists with some effort.
The Brimstone Fiend is unaffected.
The Hell Sentinel is unaffected.
The tengu reaver looks frightened!
The cacodemon is unaffected.
The komodo dragon looks frightened!
The deep elf high priest looks frightened!
The ironheart preserver looks frightened!
The frost giant looks frightened!
The stone giant looks frightened!
Jory is unaffected.
The ironbrand convoker looks frightened!
The ogre looks frightened! x2; The yaktaur captain looks frightened!
The yaktaur looks frightened! x2; The deep elf mage seems less brilliant.
The fire giant seems less brilliant.
You block the lich's attack.
The ironheart preserver casts a spell.
The ironheart preserver is healed somewhat.
You block the red devil's attack.
An ettin comes into view. It is wielding two dire flails.
The Hell Sentinel gestures at you. The iron shot misses you.
The iron shot hits the stone giant.
The stone giant dies!
The rust devil hits you. The rust devil corrodes you!
The deep elf mage gestures wildly while chanting.
The deep elf mage blinks!
The deep elf demonologist gestures at you while chanting.
You resist with some effort.
The fire giant is empowered by the deep elf high priest's aura!
The ironbrand convoker yells at you, "GO AWAY!"
The lich touches you!
* * * LOW HITPOINT WARNING * * *
You take 7 damage, and have 14/258 hp.
You cannot move away from Jory!
You break out of your daze.
The komodo dragon changes into a moth of wrath!
The ironheart preserver cowers, then darts away.
The deep elf annihilator mumbles some strange words.
The deep elf annihilator blinks!
Something conjures a glowing orb.
Jory hits you with a great sword of slicing!!
You die...

.. #....#....((
.....#...)#...r§(
.....#..$(#.ep...
...O#c...#.C...
..........c.(
####..e(4...#####
....C..241((.c...
......VL1*p.e..((
.......@§)(C..y..
......((Q§...(...
####....*.c.#####
.O....(.....
.....#....#....
##..##....#...C.
##. #....#..... #
#....# ..


You could see Jory, a Hell Sentinel, an ironheart preserver (fleeing), a
Brimstone Fiend, a cacodemon, a fire giant, a stone giant (fleeing), a tengu
reaver (fleeing), a lich, 2 yaktaur captains, a deep elf annihilator, 2 ettins,
a deep elf demonologist (fleeing), a moth of wrath shaped shifter (fleeing), a
deep elf high priest (fleeing), an ironbrand convoker (fleeing), 2 yaktaurs, a
rust devil, a red devil, 2 ogres, a hell rat and a battlesphere.

Vanquished Creatures
  An ancient lich (Vaults:5)
  Saint Roka (Depths:2)
  4 caustic shrikes (Depths:1)
  2 golden dragons
  2 liches
  Rupert (Spider:1)
  A tentacled monstrosity (Vaults:5)
  2 titans
  A deep elf blademaster (Elf:2)
  3 sphinxes
  Frances (Elf:1)
  2 thorn hunters (Swamp:2)
  5 storm dragons
  A storm dragon (shapeshifter) (Depths:4)
  An azure jelly (shapeshifter) (Depths:4)
  7 tengu reavers
  5 shadow dragons
  Roxanne (Elf:1)
  13 fire giants
  A draconian knight (Depths:5)
  3 deep elf sorcerers
  11 frost giants
  2 orc warlords
  2 ghost moths
  A balrug (Depths:5)
  3 iron dragons
  Louise (Swamp:2)
  A draconian stormcaller (Depths:5)
  12 vault wardens
  A cacodemon (Depths:3)
  An iron dragon (shapeshifter) (Depths:4)
  7 emperor scorpions (Spider:4)
  2 deep elf elementalists
  3 spriggan defenders
  7 very ugly things
  A caustic shrike skeleton (Depths:2)
  6 ironheart preservers
  5 war gargoyles
  A large abomination (Vaults:4)
  18 stone giants
  4 entropy weavers
  A white draconian (Depths:5)
  A dire elephant (Lair:3)
  2 deep elf demonologists
  2 deep elf annihilators
  12 spark wasps
  A green draconian (Depths:5)
  3 purple draconians (Depths:5)
  A yellow draconian (Depths:5)
  15 ettins
  5 jiangshi
  A deep elf high priest (Vaults:5)
  7 great orbs of eyes
  A crystal guardian (Vaults:3)
  17 ogre magi
  33 vault guards
  6 fire dragons
  Josephine (Orc:2)
  5 spriggan air magi
  9 yaktaur captains
  A juggernaut simulacrum (Depths:4)
  A rakshasa (Vaults:3)
  4 ice dragons
  3 catoblepae
  24 hydras
  32 two-headed ogres
  3 ghost crabs
  Harold (Lair:2)
  2 death knights (Vaults:3)
  A merfolk avatar (Lair:6)
  A peacekeeper (Elf:2)
  A two-headed ogre (shapeshifter) (Depths:3)
  9 centaur warriors
  12 alligators
  9 deep troll shamans
  3 tengu warriors
  2 spriggan berserkers (Depths:2)
  8 death yaks
  25 dancing weapons
  A shock serpent (Depths:4)
  13 deep troll earth magi
  Urug (Lair:5)
  A queen ant (Lair:4)
  2 orc high priests
  2 vampire magi
  20 deep elf knights
  Nergalle (Orc:2)
  2 sun demons (Depths:5)
  Sonja (Lair:1)
  An iron troll (Depths:2)
  A storm dragon skeleton (Vaults:4)
  A shadow wraith (Vaults:2)
  4 skeletal warriors (Vaults:1)
  17 deep trolls
  A gelid demonspawn (Depths:3)
  A flayed ghost (Vaults:4)
  2 unseen horrors (D:15)
  2 sea snakes (Lair:6)
  5 glowing orange brains
  A shambling mangrove (Swamp:3)
  18 ironbrand convokers
  13 deep elf archers
  5 spriggan druids
  A death drake (shapeshifter) (Depths:2)
  4 wizards
  2 harpies (Lair:6)
  A tengu zombie (Depths:3)
  11 swamp dragons
  6 necromancers
  32 wolf spiders
  A phantasmal warrior (Vaults:5)
  A lindwurm (Lair:6)
  7 orb spiders
  A sphinx skeleton (Depths:2)
  20 orc knights
  A fire giant zombie (Depths:3)
  9 orc sorcerers
  38 deep elf magi
  2 tengu skeletons
  9 cyclopes
  4 manticores
  25 ugly things
  26 slime creatures
  A wolf spider (shapeshifter) (Depths:4)
  An iron dragon skeleton (Depths:3)
  A manticore (shapeshifter) (Depths:1)
  A fire giant skeleton (Vaults:4)
  23 elephants
  2 moths of wrath
  15 vault sentinels
  A guardian serpent (D:13)
  A naga mage (Depths:4)
  2 black mambas
  4 gargoyles
  A centaur zombie (D:13)
  20 spiny frogs
  3 kobold demonologists
  A rime drake (shapeshifter) (Elf:2)
  23 yaktaurs
  12 freezing wraiths
  3 rime drakes
  5 komodo dragons
  A komodo dragon (shapeshifter) (Vaults:2)
  A hellwing (Depths:3)
  A spark wasp simulacrum (Depths:3)
  6 tengu conjurers
  6 demonic crawlers
  A red devil (Depths:3)
  A meliai (D:12)
  28 jumping spiders
  A yaktaur skeleton (Vaults:4)
  10 trolls
  8 polar bears
  2 jumping spiders (shapeshifter)
  23 hornets
  2 wind drakes (Lair:6)
  3 saltlings (Elf:2)
  A hornet (shapeshifter) (Elf:1)
  A meliai (shapeshifter) (Vaults:2)
  7 hippogriffs
  5 bog bodies
  9 tyrant leeches
  A dream sheep (shapeshifter) (Depths:4)
  22 blink frogs
  A frost giant simulacrum (Depths:2)
  An elf zombie (Depths:3)
  A stone giant simulacrum (Vaults:1)
  An ettin zombie (Depths:2)
  A fire giant simulacrum (Vaults:3)
  Sigmund (D:6)
  A vampire (D:15)
  64 redbacks
  2 shadows
  18 tarantellas
  5 water elementals
  17 spriggans
  A fire dragon skeleton (Depths:1)
  7 wraiths
  An air elemental (Elf:1)
  2 spriggan skeletons (Depths:1)
  41 yaks
  A yak (shapeshifter) (Depths:1)
  6 basilisks
  A fire bat (shapeshifter) (Depths:1)
  7 wyverns
  3 fire elementals (Elf:1)
  A hog (shapeshifter) (Vaults:2)
  A hungry ghost (D:12)
  A neqoxec (Depths:3)
  15 vampire mosquitoes
  15 wargs
  A naga (shapeshifter) (D:13)
  5 acid dragons
  15 insubstantial wisps
  23 soldier ants
  15 swamp worms
  8 water moccasins
  10 porcupines
  47 orc warriors
  15 swamp drakes
  6 ice beasts
  7 sky beasts
  4 black bears
  6 phantoms
  33 ogres
  2 eyes of draining
  An ogre (shapeshifter) (Vaults:2)
  10 boggarts
  3 wolves (Lair:2)
  15 centaurs
  14 crocodiles
  A human skeleton (Vaults:4)
  11 big kobolds
  16 bullfrogs
  2 glowing shapeshifter simulacra (Depths:3)
  An earth elemental (Elf:2)
  A wyvern skeleton (D:9)
  3 scorpions
  27 killer bees
  2 human simulacra
  13 wights
  6 electric eels
  11 howler monkeys
  7 crimson imps
  9 jellies
  2 quasits
  4 centaur skeletons
  4 bullfrog zombies
  22 orc priests
  3 bullfrog skeletons
  9 hounds
  A gnoll shaman (Orc:2)
  5 iguanas
  44 orc wizards
  16 worker ants
  A killer bee zombie (D:6)
  A hound skeleton (D:7)
  9 gnolls
  13 adders
  5 river rats
  3 shadow imps
  7 oozes
  An adder zombie (D:6)
  4 worms
  3 dart slugs
  4 leopard geckos
  126 orcs
  4 ball pythons (Sewer)
  11 giant cockroaches
  7 goblins
  5 hobgoblins
  10 jackals
  2 quokkas
  7 bats
  8 frilled lizards
  37 kobolds
  2 leopard gecko skeletons
  2 quokka skeletons
  9 rats
  A plant (Lair:6)
1947 creatures vanquished.

Vanquished Creatures (others)
  A deep elf master archer (Depths:4)
  2 fire giants
  2 ironheart preservers (Vaults:5)
  2 stone giants
  Nessos (D:14)
  2 yaktaur captains
  4 centaur warriors
  An ogre mage (Depths:2)
  A deep elf knight (Vaults:3)
  A swamp dragon (Swamp:4)
  An unseen horror (shapeshifter) (Vaults:2)
  A spriggan druid (Swamp:4)
  A deep elf archer (Elf:1)
  An ironbrand convoker (Vaults:5)
  A deep elf mage (Elf:1)
  A cyclops (D:14)
  6 yaktaurs
  A spriggan (Swamp:4)
  A tarantella (Spider:1)
  3 orc warriors
  A boggart (Vaults:2)
  2 ogres
  10 centaurs
  3 orcs
  3 kobolds
  23 fungi
  11 plants
87 creatures vanquished.

Grand Total: 2034 creatures vanquished

Notes
Turn   | Place    | Note
-------+----------+-------------------------------------------
     0 | D:1      | Firecrotchwizard the Troll Fighter began the quest for the Orb.
     0 | D:1      | Reached XP level 1. HP: 22/22 MP: 0/0
    86 | D:1      | Reached XP level 2. HP: 29/29 MP: 1/1
   310 | D:1      | Reached skill level 3 in Unarmed Combat
   498 | D:1      | Reached XP level 3. HP: 35/36 MP: 2/2
   829 | D:2      | Reached skill level 3 in Fighting
   955 | D:2      | Reached XP level 4. HP: 44/45 MP: 3/3
  1169 | D:2      | Reached skill level 4 in Unarmed Combat
  1656 | D:3      | Reached XP level 5. HP: 47/53 MP: 4/4
  1753 | D:3      | Found a glowing drain.
  1757 | Sewer    | Entered a sewer
  1808 | Sewer    | Reached skill level 5 in Unarmed Combat
  1811 | Sewer    | Reached XP level 6. HP: 62/62 MP: 5/5
  2074 | Sewer    | Reached skill level 4 in Fighting
  2075 | Sewer    | Reached skill level 6 in Unarmed Combat
  2192 | Sewer    | Reached XP level 7. HP: 66/71 MP: 6/6
  2808 | D:4      | Reached skill level 7 in Unarmed Combat
  2842 | D:4      | Found a staircase to the Ecumenical Temple.
  2851 | Temple   | Entered the Ecumenical Temple
  2865 | Temple   | Became a worshipper of Warmaster Okawaru
  3027 | D:4      | Reached skill level 5 in Fighting
  3027 | D:4      | Reached XP level 8. HP: 61/80 MP: 7/7
  3338 | D:5      | Entered Level 5 of the Dungeon
  3435 | D:5      | Reached skill level 8 in Unarmed Combat
  3466 | D:5      | Found a snail-covered altar of Cheibriados.
  3637 | D:5      | Reached * piety under Okawaru
  4289 | D:6      | Reached skill level 9 in Unarmed Combat
  4339 | D:6      | Reached skill level 6 in Fighting
  4339 | D:6      | Noticed Sigmund
  4353 | D:6      | Killed Sigmund
  4353 | D:6      | Reached XP level 9. HP: 44/89 MP: 5/8
  4455 | D:6      | Found Urhax's Food Shoppe.
  4584 | D:6      | Reached skill level 10 in Unarmed Combat
  4782 | D:6      | Found a runed gate.
  4782 | D:6      | Found a runed gate.
  4782 | D:6      | Found a runed gate.
  4821 | D:6      | Noticed limozeen581's ghost (novice HOFE)
  4914 | D:7      | Reached ** piety under Okawaru
  5458 | D:7      | Reached skill level 11 in Unarmed Combat
  5486 | D:7      | Reached skill level 7 in Fighting
  5770 | D:8      | Reached skill level 3 in Shields
  5782 | D:8      | Reached *** piety under Okawaru
  6007 | D:8      | Reached skill level 4 in Shields
  6438 | D:9      | Found Ownokkou's Book Shop.
  6553 | D:9      | Reached XP level 10. HP: 102/102 MP: 9/9
  6808 | D:9      | Reached skill level 5 in Shields
  7077 | D:9      | Reached **** piety under Okawaru
  7081 | D:9      | HP: 26/104 [poisoned by a killer bee]
  7086 | D:9      | HP: 21/104 [poisoned by a killer bee]
  7091 | D:9      | HP: 18/104 [poisoned by a killer bee]
  7096 | D:9      | HP: 16/104 [poisoned by a killer bee]
  7101 | D:9      | HP: 17/104 [poisoned by a killer bee]
  7108 | D:9      | HP: 18/104 [poisoned by a killer bee]
  7115 | D:9      | HP: 21/104 [poisoned by a killer bee]
  7123 | D:9      | HP: 24/104 [poisoned by a killer bee]
  7574 | D:10     | Entered Level 10 of the Dungeon
  7574 | D:10     | Noticed a gargoyle
  7584 | D:10     | Killed a gargoyle
  7588 | D:10     | Reached skill level 6 in Shields
  7602 | D:10     | Reached skill level 8 in Fighting
  7618 | D:10     | Found a staircase to the Lair.
  7618 | D:10     | Noticed a two-headed ogre
  7655 | D:10     | HP: 25/104 [two-headed ogre/great mace (22)]
  7658 | D:10     | Killed a two-headed ogre
  7658 | D:10     | Reached ***** piety under Okawaru
  7658 | D:10     | Reached skill level 7 in Shields
  7660 | D:10     | HP: 24/106 [orc wizard/dagger (5)]
  7665 | D:10     | HP: 8/106 [orc warrior/glaive (18)]
  7950 | D:10     | Noticed a two-headed ogre
  7961 | D:10     | Killed a two-headed ogre
  8009 | D:10     | Noticed a deep elf knight
  8014 | D:10     | Killed a deep elf knight
  8014 | D:10     | Reached XP level 11. HP: 112/113 MP: 10/10
  8037 | D:10     | Reached skill level 8 in Shields
  8613 | D:10     | Reached skill level 9 in Fighting
  8718 | D:11     | Received a gift from Okawaru
  8869 | D:11     | Noticed a sixfirhy
  8871 | D:11     | Reached skill level 9 in Shields
  8883 | D:11     | HP: 26/115 [sixfirhy[a kobold demonologist] (7)]
  8884 | D:11     | HP: 6/115 [sixfirhy[a kobold demonologist] (9)]
  9199 | D:11     | Found Erevew's Food Emporium.
  9268 | D:11     | Noticed a deep elf mage
  9303 | Lair:1   | Entered Level 1 of the Lair of Beasts
  9438 | Lair:1   | Reached skill level 10 in Fighting
  9508 | Lair:1   | Reached skill level 1 in Armour
  9612 | Lair:1   | Reached skill level 3 in Dodging
  9662 | Lair:1   | Noticed Sonja
  9681 | Lair:1   | Killed Sonja
  9681 | Lair:1   | Reached skill level 2 in Armour
  9716 | Lair:1   | Noticed an eight-headed hydra
  9721 | Lair:1   | Killed an eight-headed hydra
  9769 | Lair:1   | Received a gift from Okawaru
  9856 | Lair:1   | Reached XP level 12. HP: 127/127 MP: 11/11
  9864 | D:10     | Reached skill level 4 in Dodging
  9873 | Lair:1   | Reached skill level 3 in Armour
  9964 | Lair:1   | Got a shimmering hat {god gift}
  9975 | Lair:1   | Identified the +0 hat "Quav Bid" {Stlth+} (Okawaru gifted it to you on level 1 of the Lair of Beasts)
 10228 | Lair:2   | Noticed an eight-headed hydra
 10286 | Lair:2   | Noticed Harold
 10337 | Lair:2   | Reached ****** piety under Okawaru
 10455 | Lair:2   | Reached skill level 4 in Armour
 10486 | Lair:2   | Reached skill level 5 in Dodging
 10545 | Lair:2   | Killed a 13-headed hydra
 10712 | Lair:2   | Reached skill level 1 in Throwing
 10758 | Lair:2   | Reached skill level 11 in Fighting
 10760 | Lair:2   | Reached skill level 2 in Throwing
 10965 | Lair:2   | Killed Harold
 10965 | Lair:2   | Reached skill level 3 in Throwing
 11269 | Lair:2   | Found a hole to the Spider Nest.
 11605 | Lair:2   | Received a gift from Okawaru
 11617 | Lair:2   | Reached skill level 4 in Throwing
 12099 | Lair:3   | Found a dark tunnel.
 12540 | Lair:4   | Reached skill level 5 in Throwing
 12540 | Lair:4   | Reached XP level 13. HP: 107/139 MP: 12/12
 12750 | Lair:4   | Reached skill level 1 in Invocations
 12755 | Lair:4   | Received a gift from Okawaru
 12814 | Lair:4   | Noticed a dire elephant
 12905 | Lair:3   | Killed a dire elephant
 12905 | Lair:3   | Received a gift from Okawaru
 12905 | Lair:3   | Reached skill level 2 in Invocations
 12906 | Lair:3   | Got a warped trident {god gift}
 12938 | Lair:4   | Reached skill level 5 in Armour
 13017 | Lair:4   | Reached skill level 12 in Fighting
 13168 | Lair:4   | Noticed an entropy weaver
 13189 | Lair:4   | Noticed an entropy weaver
 13284 | Lair:4   | Reached skill level 6 in Dodging
 13368 | Lair:4   | Reached skill level 3 in Invocations
 13715 | Lair:4   | Found a staircase to the Swamp.
 13870 | Lair:4   | HP: 26/140 [entropy weaver (13)]
 13872 | Lair:4   | HP: 12/140 [entropy weaver (8)]
 13872 | Lair:4   | HP: 1/140 [entropy weaver (11)]
 14067 | Lair:4   | Killed an entropy weaver
 14067 | Lair:4   | Received a gift from Okawaru
 14257 | Lair:5   | Found a runed gate.
 14257 | Lair:5   | Found a runed gate.
 14257 | Lair:5   | Found a runed gate.
 14341 | Lair:5   | Reached skill level 4 in Invocations
 14376 | Lair:5   | Noticed Urug
 14392 | Lair:5   | Killed Urug
 14471 | Lair:5   | Reached skill level 6 in Armour
 14605 | Lair:5   | Received a gift from Okawaru
 14616 | Lair:5   | Reached skill level 7 in Dodging
 14678 | Lair:5   | Noticed hollowman's ghost (journeyman MiBe)
 14679 | Lair:5   | Noticed a minotaur
 14807 | Lair:5   | Reached XP level 14. HP: 150/150 MP: 16/16
 15135 | Lair:6   | Entered Level 6 of the Lair of Beasts
 15252 | Lair:6   | Reached skill level 5 in Invocations
 15330 | Lair:6   | Received a gift from Okawaru
 15518 | Lair:6   | Found a shimmering altar of Xom.
 15677 | Lair:6   | Received a gift from Okawaru
 15678 | Lair:6   | Got smoking shadow dragon scales {god gift}
 15713 | Lair:5   | Identified the +9 shadow dragon scales "Vuipsif" {Str+5 Stlth++++} (Okawaru gifted it to you on level 6 of the Lair of Beasts)
 15996 | Lair:6   | Reached skill level 7 in Armour
 16329 | Lair:6   | Reached skill level 6 in Invocations
 16373 | Lair:6   | Found a staircase to the Slime Pits.
 16457 | Lair:6   | Found a burning altar of Makhleb.
 17033 | D:11     | Found a runed gate.
 17034 | D:11     | Found a runed gate.
 17035 | D:11     | Found a runed gate.
 17285 | D:12     | Found a runed gate.
 17288 | D:12     | Found a runed gate.
 17292 | D:12     | Found a runed gate.
 17301 | D:12     | Noticed snuffy's ghost (journeyman DEFE)
 17346 | D:12     | Found a staircase to the Orcish Mines.
 17397 | D:12     | Reached skill level 8 in Dodging
 17479 | Orc:1    | Entered Level 1 of the Orcish Mines
 17635 | D:12     | Reached skill level 13 in Fighting
 17791 | Orc:1    | Noticed an orc warlord
 17826 | D:12     | Killed an orc warlord
 18221 | D:12     | Identified Alaelut's Volume of Cankerous Hexes
 18620 | D:13     | Reached skill level 8 in Armour
 18736 | D:13     | Received a gift from Okawaru
 18755 | D:13     | Got a bloodstained large shield {god gift}
 18771 | D:13     | Identified the +0 large shield "Goke Osoom" {rF- rC++ Int+2 Dex+4} (Okawaru gifted it to you on level 13 of the Dungeon)
 18868 | D:13     | Reached XP level 15. HP: 161/161 MP: 19/19
 19157 | D:13     | Found Lufisim's Luxury Loot.
 19180 | D:13     | Bought 5 large rocks for 52 gold pieces
 19648 | D:14     | Found a gate to the Vaults.
 19838 | D:14     | Noticed Nessos
 19843 | D:14     | Killed Nessos
 19843 | D:14     | Reached skill level 9 in Dodging
 20556 | D:15     | Entered Level 15 of the Dungeon
 20556 | D:15     | Found a bloodstained altar of Trog.
 20900 | Orc:1    | Found a shimmering altar of Xom.
 21209 | Orc:1    | Noticed an orc warlord
 21255 | Orc:1    | Killed an orc warlord
 21819 | Orc:2    | Entered Level 2 of the Orcish Mines
 21819 | Orc:2    | Noticed Josephine
 21830 | Orc:2    | Killed Josephine
 22022 | Orc:2    | Found a staircase to the Elven Halls.
 22223 | Orc:2    | Found an iron altar of Okawaru.
 22360 | Orc:2    | Paralysed by an orc sorcerer for 3 turns
 22371 | Orc:2    | Found Neablorr's Gadget Shop.
 22419 | Orc:2    | Paralysed by an orc sorcerer for 5 turns
 22533 | Orc:2    | Found an ancient bone altar of Kikubaaqudgha.
 22534 | Orc:2    | Noticed Nergalle
 22554 | Orc:2    | Killed Nergalle
 22554 | Orc:2    | Received a gift from Okawaru
 22561 | Orc:2    | Found Jigeg's Book Shop.
 22639 | Orc:2    | Found a radiant altar of Vehumet.
 22679 | Orc:2    | Reached skill level 12 in Unarmed Combat
 22689 | Orc:2    | Found a roughly hewn altar of Beogh.
 22712 | Orc:2    | Found Piojoph's Distillery.
 22817 | Orc:2    | Found Ramm's Antique Weapon Boutique.
 22836 | Orc:2    | Bought a potion of haste for 150 gold pieces
 22836 | Orc:2    | Bought a potion of heal wounds for 75 gold pieces
 22836 | Orc:2    | Bought 2 potions of heal wounds for 150 gold pieces
 23104 | Swamp:1  | Entered Level 1 of the Swamp
 23288 | Elf:1    | Entered Level 1 of the Elven Halls
 23324 | Elf:1    | HP: 34/162 [deep elf mage/bolt of fire (9)]
 23707 | Elf:1    | Reached skill level 14 in Fighting
 23778 | Elf:1    | Noticed Frances
 23793 | Elf:1    | Killed Frances
 24041 | Elf:1    | Noticed Roxanne
 24052 | Elf:1    | Killed Roxanne
 24065 | Elf:1    | Identified Roxanne's Handbook of the Mountains (You took it off Roxanne on level 1 of the Elven Halls)
 24304 | Elf:1    | Noticed a deep elf sorcerer
 24309 | Elf:1    | Killed a deep elf sorcerer
 24309 | Elf:1    | Reached skill level 13 in Unarmed Combat
 24336 | Elf:1    | Reached XP level 16. HP: 158/172 MP: 12/20
 24433 | Elf:1    | Received a gift from Okawaru
 24477 | Elf:1    | Identified Xoucut's Handbook of Conjuration
 24625 | Elf:2    | Received a gift from Okawaru
 24626 | Elf:2    | Got a pitted shield {god gift}
 24637 | Elf:2    | Identified the +0 shield "Inerch" {MR++} (Okawaru gifted it to you on level 2 of the Elven Halls)
 24924 | Elf:2    | Found Posujum's Weapon Shoppe.
 24972 | Elf:2    | Found a ruined gateway.
 24974 | Elf:2    | Reached skill level 9 in Armour
 25216 | Elf:2    | Found a runed gate.
 25216 | Elf:2    | Found a runed gate.
 25216 | Elf:2    | Found a runed gate.
 25272 | Elf:2    | Reached skill level 14 in Unarmed Combat
 25385 | Elf:2    | Noticed a deep elf blademaster
 25413 | Elf:2    | Killed a deep elf blademaster
 26412 | Swamp:1  | Received a gift from Okawaru
 26431 | Swamp:1  | Reached skill level 10 in Dodging
 26490 | Swamp:1  | Received a gift from Okawaru
 26872 | Swamp:1  | Received a gift from Okawaru
 27189 | Swamp:2  | Noticed Louise
 27195 | Swamp:2  | Killed Louise
 27201 | Swamp:2  | Reached skill level 15 in Unarmed Combat
 27201 | Swamp:2  | Reached XP level 17. HP: 136/182 MP: 21/21
 27982 | Swamp:2  | Got a faintly glowing quarterstaff
 28509 | Swamp:3  | Reached skill level 10 in Armour
 28588 | Swamp:3  | Reached skill level 15 in Fighting
 29514 | Swamp:3  | Reached skill level 16 in Unarmed Combat
 29514 | Swamp:3  | Reached XP level 18. HP: 186/193 MP: 22/22
 30085 | Swamp:4  | Entered Level 4 of the Swamp
 30627 | Swamp:4  | HP: 43/193 [13-headed hydra (7)]
 30630 | Swamp:4  | HP: 13/193 [16-headed hydra (10)]
 30977 | Swamp:4  | Received a gift from Okawaru
 31319 | Swamp:4  | Got a scorched broad axe {antimagic}
 31330 | Swamp:4  | Got a decaying rune of Zot
 31708 | Spider:1 | Entered Level 1 of the Spider Nest
 31711 | Spider:1 | Noticed Rupert
 31724 | Spider:1 | Killed Rupert
 31854 | Spider:1 | Reached skill level 11 in Dodging
 31968 | Spider:1 | HP: 48/193 [redback (2)]
 32291 | Spider:1 | Reached skill level 17 in Unarmed Combat
 32411 | Spider:1 | Got a translucent shortbow
 32881 | Spider:2 | Reached XP level 19. HP: 193/201 MP: 23/23
 33764 | Spider:3 | Received a gift from Okawaru
 34263 | Spider:4 | Entered Level 4 of the Spider Nest
 34370 | Spider:4 | Reached skill level 11 in Armour
 34772 | Spider:4 | HP: 43/201 [demonic crawler (9)]
 34777 | Spider:4 | HP: 44/201 [poisoned by a wolf spider]
 34783 | Spider:4 | HP: 47/201 [poisoned by a wolf spider]
 34923 | Spider:4 | HP: 50/202 [wolf spider (12)]
 34936 | Spider:4 | HP: 30/202 [jumping spider (2)]
 35527 | Spider:4 | Received a gift from Okawaru
 35785 | Spider:4 | Got a gossamer rune of Zot
 35864 | Spider:4 | HP: 49/204 [wolf spider (6)]
 35869 | Spider:4 | HP: 42/204 [wolf spider (4)]
 35872 | Spider:4 | HP: 17/204 [wolf spider (14)]
 35889 | Spider:4 | HP: 49/204 [redback (5)]
 35893 | Spider:4 | HP: 23/204 [redback (6)]
 36494 | D:15     | Got an ichor-stained quarterstaff
 36560 | D:15     | Found a staircase to the Depths.
 36767 | D:15     | Found Qaew's Book Boutique.
 36930 | D:15     | Reached skill level 18 in Unarmed Combat
 36984 | D:15     | Found a glowing silver altar of Zin.
 37131 | D:15     | Found a runed gate.
 37131 | D:15     | Found a runed gate.
 37131 | D:15     | Found a runed gate.
 37239 | D:15     | Noticed Waecyras's ghost (adept KoGl)
 37555 | Vaults:1 | Entered Level 1 of the Vaults
 38739 | Vaults:1 | Received a gift from Okawaru
 38746 | Vaults:1 | Reached skill level 12 in Dodging
 38766 | Vaults:1 | Reached skill level 16 in Fighting
 39757 | Vaults:2 | Reached XP level 20. HP: 213/213 MP: 24/24
 40036 | Vaults:2 | Reached skill level 12 in Armour
 40624 | Vaults:2 | HP: 50/214 [fire dragon simulacrum[a necromancer] (4)]
 40625 | Vaults:2 | HP: 13/214 [ironheart preserver/great mace (19)]
 40630 | Vaults:2 | HP: 37/214 [poisoned by a sea snake]
 40635 | Vaults:2 | HP: 37/214 [poisoned by a sea snake]
 40641 | Vaults:2 | HP: 38/214 [poisoned by a sea snake]
 40646 | Vaults:2 | HP: 40/214 [poisoned by a sea snake]
 40653 | Vaults:2 | HP: 44/214 [poisoned by a sea snake]
 40661 | Vaults:2 | HP: 49/214 [poisoned by a sea snake]
 41138 | Vaults:2 | Received a gift from Okawaru
 41689 | Vaults:2 | Received a gift from Okawaru
 42096 | Vaults:3 | Reached skill level 19 in Unarmed Combat
 42295 | Vaults:3 | Reached skill level 13 in Dodging
 42821 | Vaults:3 | Found a staircase to the Crypt.
 42936 | Vaults:3 | Reached XP level 21. HP: 71/223 MP: 25/25
 42941 | Vaults:3 | HP: 55/223 [vault guard/great sword[a vault warden] (6)]
 43649 | Vaults:4 | Reached skill level 13 in Armour
 43816 | Vaults:4 | Received a gift from Okawaru
 43977 | Vaults:4 | Received a gift from Okawaru
 44271 | Vaults:4 | Reached skill level 17 in Fighting
 44343 | Vaults:4 | Received a gift from Okawaru
 44543 | Vaults:4 | Received a gift from Okawaru
 45040 | Depths:1 | Entered Level 1 of the Depths
 45040 | Depths:1 | Found Hyseedeu's Antique Weapon Shop.
 45102 | Depths:1 | Noticed a caustic shrike
 45103 | Depths:1 | Noticed a caustic shrike
 45104 | Depths:1 | Noticed a caustic shrike
 45105 | Depths:1 | Noticed a caustic shrike
 45122 | Depths:1 | HP: 54/226 [caustic shrike (9)]
 45124 | Depths:1 | HP: 25/226 [caustic shrike (7)]
 45163 | Depths:1 | HP: 19/226 [deep troll earth mage/blast of rock fragments (31)]
 45167 | Depths:1 | HP: 6/226 [deep troll earth mage (17)]
 45311 | Depths:1 | HP: 51/226 [jiangshi[a vampire mage] (11)]
 45319 | Depths:1 | HP: 52/226 [jiangshi[a vampire mage] (1)]
 45765 | Depths:1 | Received a gift from Okawaru
 45961 | Depths:1 | Found a one-way gate leading to the halls of Pandemonium.
 46136 | Depths:1 | Killed a caustic shrike
 46144 | Depths:1 | Killed a caustic shrike
 46152 | Depths:1 | Killed a caustic shrike
 46158 | Depths:1 | Killed a caustic shrike
 46158 | Depths:1 | Reached skill level 14 in Dodging
 46509 | Depths:1 | Found Maclut's Pet Rocks.
 46515 | Depths:1 | Bought 5 large rocks for 70 gold pieces
 46515 | Depths:1 | Bought 4 large rocks for 56 gold pieces
 46660 | Depths:1 | Found a gateway to Hell.
 46733 | Depths:2 | Reached XP level 22. HP: 113/236 MP: 24/26
 46832 | Depths:2 | Received a gift from Okawaru
 46842 | Depths:2 | Reached skill level 20 in Unarmed Combat
 47149 | Depths:2 | Reached skill level 14 in Armour
 47451 | Depths:2 | Noticed Saint Roka
 47600 | Depths:2 | Received a gift from Okawaru
 47636 | Depths:2 | Killed Saint Roka
 47819 | Depths:2 | Received a gift from Okawaru
 47837 | Depths:2 | Received a gift from Okawaru
 47873 | Depths:2 | Received a gift from Okawaru
 47878 | Depths:2 | Paralysed by a floating eye for 2 turns
 47887 | Depths:2 | HP: 59/237 [red very ugly thing (1)]
 47892 | Depths:2 | HP: 57/237 [poisoned by a fire giant]
 47898 | Depths:2 | HP: 54/237 [poisoned by a fire giant]
 47903 | Depths:2 | HP: 53/237 [poisoned by a fire giant]
 47906 | Depths:2 | Received a gift from Okawaru
 47909 | Depths:2 | HP: 53/237 [poisoned by a fire giant]
 47914 | Depths:2 | HP: 54/237 [poisoned by a fire giant]
 47920 | Depths:2 | HP: 55/237 [poisoned by a fire giant]
 47926 | Depths:2 | HP: 51/237 [poisoned by a fire giant]
 47932 | Depths:2 | HP: 53/237 [poisoned by a fire giant]
 47938 | Depths:2 | HP: 56/237 [poisoned by a fire giant]
 47944 | Depths:2 | HP: 59/237 [poisoned by a fire giant]
 48166 | Depths:2 | Received a gift from Okawaru
 48574 | Depths:2 | Found Fuciz's Assorted Antiques.
 48574 | Depths:2 | Found Tuiqo's Antique Armour Boutique.
 48576 | Depths:2 | Found Ceewo's Book Shop.
 48579 | Depths:2 | Found Veidoirph's Book Boutique.
 48584 | Depths:2 | Bought an ancient shield for 275 gold pieces
 48584 | Depths:2 | Identified the cursed +0 shield of Narcissism {rF- rN+ MR++ Dex+4} (You bought it in a shop on level 2 of the Depths)
 49093 | Depths:2 | Upgraded the game from 0.23-a0-49-gd9f7a49 to 0.23-a0-54-gae6112e
 49173 | Depths:3 | Found a gateway to a ziggurat.
 49955 | Depths:3 | Found the +8 storm bow {elec}
 49973 | Depths:3 | Identified the ring "Husetez" {rC++ SInv} (You found it on level 3 of the Depths)
 50061 | Depths:3 | Reached skill level 18 in Fighting
 50885 | Depths:4 | Got a translucent battleaxe
 51130 | Depths:4 | Reached XP level 23. HP: 213/247 MP: 24/27
 51258 | Depths:4 | Reached skill level 15 in Dodging
 51296 | Depths:4 | Received a gift from Okawaru
 51297 | Depths:4 | Identified the +4 shield "Geenetra" {rN+} (Okawaru gifted it to you on level 4 of the Depths)
 51464 | Depths:4 | Reached skill level 7 in Invocations
 51789 | Depths:4 | Reached skill level 8 in Invocations
 51854 | Depths:4 | Reached skill level 9 in Invocations
 52002 | Depths:4 | Got dazzling quicksilver dragon scales
 52003 | Depths:4 | Identified the quicksilver dragon scales "Kyajuwosod" {*Contam MR+ Regen+ MP+9 Str+2} (You found it on level 4 of the Depths)
 52038 | Depths:4 | Found a one-way gate to the infinite horrors of the Abyss.
 52307 | Depths:5 | Entered Level 5 of the Depths
 52458 | Depths:5 | Reached skill level 10 in Invocations
 52676 | Depths:5 | Reached skill level 11 in Invocations
 52873 | Depths:5 | Received a gift from Okawaru
 52883 | Depths:5 | Identified the +0 hat of the Tuna {rF++ rC- Str+8 Dex-2} (Okawaru gifted it to you on level 5 of the Depths)
 52913 | Depths:5 | Reached skill level 12 in Invocations
 53025 | Depths:5 | Found a gate to the Realm of Zot.
 53272 | Depths:5 | Found the ring of Robustness {AC+8}
 53807 | Vaults:5 | Entered Level 5 of the Vaults
 53960 | Vaults:4 | Reached skill level 15 in Armour
 53993 | Vaults:5 | Noticed an ancient lich
 54014 | Vaults:4 | Reached XP level 24. HP: 134/258 MP: 31/31
 54201 | Vaults:5 | Killed an ancient lich
 54201 | Vaults:5 | Received a gift from Okawaru
 54201 | Vaults:5 | Reached skill level 21 in Unarmed Combat
 54218 | Vaults:5 | Noticed Boris
 54221 | Vaults:5 | Noticed Jory
 54238 | Vaults:5 | HP: 48/258 [ettin/dire flail of holy wrath (42)]
 54241 | Vaults:5 | HP: 21/258 [???[a deep elf demonologist] (19)]
 54243 | Vaults:5 | Mangled by Jory

Vault maps used:
D:1:      onia_arrival_pentagram
D:3:      gup_sewer_entry_bowl
D:4:      minmay_temple_entry_junction_2, first_ration, minmay_misc_feat_tower,
          st_stairs_4
D:5:      kennysheep_slug_shrine
D:6:      serial_shops, shop, gammafunk_ghost_necromancy,
          kennysheep_generic_room_4, uniq_sigmund
D:9:      serial_shops, shop
D:10:     erik_lair_orcish_takeover, grunt_tengu_nest, kennysheep_just_a_vault
D:11:     serial_glass, glass_columns_b, glass_columns_c, feat_on_display,
          serial_shops, nicolae_shop_stone,
          ploomutoo_gammafunk_ghost_potion_laboratory, kennysheep_potato
D:12:     minmay_orc_entry_guard_dogs, gammafunk_ghost_spectres, eino_jars
D:13:     nicolae_alphabet_shops, nrook_guardian_serpent_double
D:14:     david_vaults_5, abandoned_shop, minivault_1, uniq_nessos
D:15:     grunt_enter_depths_giant_problem, maelrawn_ghost_labyrinth_escape,
          zin_angel, serial_shops, shop, hangedman_abyss_or_decor_stabs,
          trog_ov_bears_minmay
Temple:   grunt_wide_crystal_templ
Lair:1:   gammafunk_lair_bear_cave, uniq_sonja
Lair:2:   spider_nest_entry_funnel_web, uniq_harold
Lair:3:   nicolae_volcano_entry_two_sided, grunt_megastairs_4
Lair:4:   mu_elephants_graveyard, minmay_swamp_entry_worms, zaba_antful_of_joy
Lair:5:   maelrawn_ghost_labyrinth_escape, uniq_urug
Lair:6:   gammafunk_lair_ancient_temple, nicolae_slime_entry_slimehenge,
          basic_altar, lemuel_centaur_altar, serial_bayou_shore_a,
          infiniplex_staircase_pool_2
Swamp:1:  hangedman_swamp_blocks, uniq_louise
Swamp:2:  evilmike_swamp_ruin_house_2
Swamp:3:  evilmike_swamp_ruin_wall
Swamp:4:  swamp
Spider:1: uniq_rupert
Spider:4: grunt_spider_rune_circles, nicolae_spider_cling_ruins
Orc:1:    basic_altar, minmay_orc_treasury
Orc:2:    kennysheep_orc_mage_school, okawaru_metal_pillars_3, uniq_josephine
Elf:1:    eino_elf_arrival_the_gate, serial_glass, glass_columns_a,
          glass_columns_a, minmay_elf_annihilation, mumra_transporter_accident,
          uniq_roxanne, uniq_frances
Elf:2:    portal_desolation_entry_nicolae_nacl, serial_shops, shop_statue,
          hex_medium
Vaults:1: st_check, grunt_vaults_twisty, v_misc_19, ontoclasm_vaults_idyll,
          hangedman_vaults_cutoff, vaults_dpeg_cross, ontoclasm_vaults_hangar,
          vaults_dpeg_ring
Vaults:2: nicolae_vaults_twisting_passages, dpeg_vaults_pockets_of_resistance,
          grunt_vaults_trifunnel, v_alt_pattern_4, ontoclasm_vaults_ring_square,
          v_misc_8, ontoclasm_vaults_ring_square,
          nicolae_vaults_network_quinsquares, v_pattern_4,
          vaults_room_stairs_pillars
Vaults:3: hangedman_vaults_cutoff, grunt_vaults_hallway_short,
          hangedman_vaults_snaps, v_misc_14, nicolae_vaults_network_s,
          blue_anna_dwarven_crypt, v_alt_pattern_6, grunt_vaults_hallway_long,
          v_misc_2, ontoclasm_vaults_gateway, vaults_room_door_hall,
          nicolae_vaults_specimen_jars, vaults_room_grid
Vaults:4: vaults_dpeg_diagonal, vaults_mumra_hexcomb,
          vaults_room_grunt_arrival_checkpoint, vaults_dpeg_spiral,
          ontoclasm_vaults_ligature, v_misc_12, grunt_vaults_diagonal,
          v_misc_11, dpeg_vaults_monster_box
Vaults:5: serial_shops, uniq_boris, uniq_jory
Depths:1: rand_demon_pan_entry_3, grunt_decor_resistance, serial_shops,
          nicolae_shop_overgrown_old_shop, pf_hell_entry_great_geh,
          kennysheep_crisscross, minmay_misc_feat_secret_circle,
          kennysheep_big_empty_room, roderic_lattice_a, minmay_holes,
          guppyfry_shop_earth, uniq_saint_roka
Depths:2: evilmike_diamond_2, hell_entry, rand_demon_pan_entry_7,
          minmay_door_square, minmay_shoptagon, infiniplex_staircase_zigzag_5
Depths:3: minmay_the_grid_four_pointed_star, enter_ziggurat_c,
          rand_demon_pan_entry_8, grunt_hell_entry_dis_grunt
Depths:4: hangedman_crystal_crosses_colossus, hell_entry, pan_entry, abyss_entry
Depths:5: grunt_zot_entry_alcove, lightli_too_deep, abyss_entry,
          minmay_misc_feat_alley, pan_entry, kennysheep_random_hallway
Sewer:    sewer_co_tree

Skill      XL: |  1  2  3  4  5  6  7  8  9 10 11 12 13 14 15 16 17 18 19 20 21 22 23 24 |
---------------+-------------------------------------------------------------------------+-----
Unarmed Combat | 3 4 5 6 7 9 11 13 15 16 17 18 19 20 21 | 21.0
Fighting       | 3 4 5 6 7 8 10 11 12 13 14 15 16 17 18 | 18.4
Shields        | 4 7 9 |  9.0
Armour         | 2 4 6 8 9 10 11 12 13 14 15 | 15.2
Dodging        | 3 5 7 8 9 10 11 12 13 14 15 | 15.3
Throwing       | 5 |  5.0
Invocations    | 4 6 12 | 12.2

Action                   |  1- 3 |  4- 6 |  7- 9 | 10-12 | 13-15 | 16-18 | 19-21 | 22-24 || total
-------------------------+-------+-------+-------+-------+-------+-------+-------+-------++-------
Melee: Unarmed           |   113 |   147 |   373 |   665 |  1515 |   921 |  1709 |   963 ||  6406
Throw: Large rock        |       |       |       |     8 |   174 |   227 |   110 |    54 ||   573
       Javelin           |       |       |       |       |       |       |    76 |       ||    76
Invok: Heroism           |       |       |     1 |     5 |    23 |    29 |    25 |    16 ||    99
       Finesse           |       |       |       |       |     3 |     3 |     2 |     2 ||    10
Evoke: Wand              |       |       |       |     8 |     1 |       |     1 |     1 ||    11
       Sack of spiders   |       |       |       |     1 |       |       |       |       ||     1
  Use: Scroll            |       |       |    13 |     7 |    14 |    10 |    14 |    13 ||    71
       Potion            |       |       |       |     1 |     2 |     1 |    11 |     7 ||    22
 Stab: Sleeping          |       |     1 |     2 |       |     2 |       |     3 |     2 ||    10
       Held in net/web   |       |       |       |     1 |       |       |       |       ||     1
       Distracted        |       |       |       |       |     1 |       |     3 |       ||     4
       Petrified         |       |       |       |       |       |       |     2 |       ||     2
       Petrifying        |       |       |       |       |       |       |     1 |       ||     1
  Eat: Chunk             |    14 |    13 |    40 |    55 |   109 |    71 |   109 |    69 ||   480
       Ration            |       |       |       |       |       |     3 |     5 |       ||     8
Armor: Robe              |    46 |    35 |    72 |    15 |       |       |       |       ||   168
       Troll leather arm |       |       |       |    75 |    62 |       |       |       ||   137
       Shadow dragon sca |       |       |       |       |   395 |    86 |   376 |   331 ||  1188
       Swamp dragon scal |       |       |       |       |       |   273 |   146 |       ||   419
Dodge: Dodged            |    41 |    31 |    75 |   163 |   418 |   405 |   679 |   226 ||  2038
       Deflected         |       |       |       |       |     3 |    13 |    67 |    26 ||   109
Block: Shield            |    45 |    60 |   181 |   554 |  1593 |   898 |  1515 |   776 ||  5622
       Reflection        |       |       |     2 |    15 |    88 |    22 |   137 |    59 ||   323

Table legend:
 A = Spawn XP
 B = Non-spawn XP
 C = Spawn XP percentage of total XP
 D = Spawn monster count
 E = Non-spawn monster count
 F = Spawn count percentage of total count
 G = Total turns spent on level
                    A         B        C        D         E        F      G
               +---------+---------+-------+---------+---------+-------+---------
         Total |       0 |  935571 |   0.0 |       0 |    1985 |   0.0 | 54243
               +---------+---------+-------+---------+---------+-------+---------
           D:1 |       0 |      47 |   0.0 |       0 |      24 |   0.0 |   720
           D:2 |       0 |     103 |   0.0 |       0 |      29 |   0.0 |   792
           D:3 |       0 |     121 |   0.0 |       0 |      20 |   0.0 |   687
           D:4 |       0 |     479 |   0.0 |       0 |      14 |   0.0 |   512
           D:5 |       0 |     620 |   0.0 |       0 |      20 |   0.0 |   837
           D:6 |       0 |    1067 |   0.0 |       0 |      16 |   0.0 |   676
           D:7 |       0 |    1327 |   0.0 |       0 |      33 |   0.0 |   852
           D:8 |       0 |     902 |   0.0 |       0 |      18 |   0.0 |   718
           D:9 |       0 |    1779 |   0.0 |       0 |      33 |   0.0 |  1295
          D:10 |       0 |    6556 |   0.0 |       0 |      43 |   0.0 |  1138
          D:11 |       0 |    5230 |   0.0 |       0 |      38 |   0.0 |  1046
          D:12 |       0 |   12196 |   0.0 |       0 |      68 |   0.0 |  1370
          D:13 |       0 |    7381 |   0.0 |       0 |      54 |   0.0 |  1164
          D:14 |       0 |    9989 |   0.0 |       0 |      36 |   0.0 |  1385
          D:15 |       0 |   16443 |   0.0 |       0 |      46 |   0.0 |  1341
        Lair:1 |       0 |    7379 |   0.0 |       0 |      30 |   0.0 |  1010
        Lair:2 |       0 |    9391 |   0.0 |       0 |      40 |   0.0 |  1501
        Lair:3 |       0 |    6081 |   0.0 |       0 |      19 |   0.0 |  1017
        Lair:4 |       0 |   18170 |   0.0 |       0 |      67 |   0.0 |  2093
        Lair:5 |       0 |   11903 |   0.0 |       0 |      29 |   0.0 |  1051
        Lair:6 |       0 |   15279 |   0.0 |       0 |      44 |   0.0 |  1503
       Swamp:1 |       0 |   12301 |   0.0 |       0 |      39 |   0.0 |   816
       Swamp:2 |       0 |   15827 |   0.0 |       0 |      24 |   0.0 |  1901
       Swamp:3 |       0 |   13714 |   0.0 |       0 |      38 |   0.0 |  1235
       Swamp:4 |       0 |   36003 |   0.0 |       0 |      63 |   0.0 |  1280
      Spider:1 |       0 |   12920 |   0.0 |       0 |      33 |   0.0 |  1081
      Spider:2 |       0 |   13066 |   0.0 |       0 |      41 |   0.0 |   712
      Spider:3 |       0 |    7391 |   0.0 |       0 |      24 |   0.0 |  1037
      Spider:4 |       0 |   34292 |   0.0 |       0 |      69 |   0.0 |  1594
         Orc:1 |       0 |   10694 |   0.0 |       0 |      77 |   0.0 |  1203
         Orc:2 |       0 |   12418 |   0.0 |       0 |      67 |   0.0 |  1293
         Elf:1 |       0 |   24272 |   0.0 |       0 |      37 |   0.0 |  1107
         Elf:2 |       0 |   37944 |   0.0 |       0 |      51 |   0.0 |  1372
      Vaults:1 |       0 |   27110 |   0.0 |       0 |      49 |   0.0 |  1725
      Vaults:2 |       0 |   68287 |   0.0 |       0 |     108 |   0.0 |  2444
      Vaults:3 |       0 |   55898 |   0.0 |       0 |      75 |   0.0 |  1747
      Vaults:4 |       0 |   80706 |   0.0 |       0 |     109 |   0.0 |  1663
      Vaults:5 |       0 |   32067 |   0.0 |       0 |      22 |   0.0 |    96
      Depths:1 |       0 |   59213 |   0.0 |       0 |      70 |   0.0 |  1851
      Depths:2 |       0 |   97820 |   0.0 |       0 |     103 |   0.0 |  2311
      Depths:3 |       0 |   21748 |   0.0 |       0 |      39 |   0.0 |  1645
      Depths:4 |       0 |   74620 |   0.0 |       0 |      54 |   0.0 |  1550
      Depths:5 |       0 |   54123 |   0.0 |       0 |      44 |   0.0 |  1245
         Sewer |       0 |     694 |   0.0 |       0 |      28 |   0.0 |   604
               +---------+---------+-------+---------+---------+-------+---------

Vault maps used:
D:1:      onia_arrival_pentagram
D:3:      gup_sewer_entry_bowl
D:4:      minmay_temple_entry_junction_2, first_ration, minmay_misc_feat_tower,
          st_stairs_4
D:5:      kennysheep_slug_shrine
D:6:      serial_shops, shop, gammafunk_ghost_necromancy,
          kennysheep_generic_room_4, uniq_sigmund
D:9:      serial_shops, shop
D:10:     erik_lair_orcish_takeover, grunt_tengu_nest, kennysheep_just_a_vault
D:11:     serial_glass, glass_columns_b, glass_columns_c, feat_on_display,
          serial_shops, nicolae_shop_stone,
          ploomutoo_gammafunk_ghost_potion_laboratory, kennysheep_potato
D:12:     minmay_orc_entry_guard_dogs, gammafunk_ghost_spectres, eino_jars
D:13:     nicolae_alphabet_shops, nrook_guardian_serpent_double
D:14:     david_vaults_5, abandoned_shop, minivault_1, uniq_nessos
D:15:     grunt_enter_depths_giant_problem, maelrawn_ghost_labyrinth_escape,
          zin_angel, serial_shops, shop, hangedman_abyss_or_decor_stabs,
          trog_ov_bears_minmay
Temple:   grunt_wide_crystal_templ
Lair:1:   gammafunk_lair_bear_cave, uniq_sonja
Lair:2:   spider_nest_entry_funnel_web, uniq_harold
Lair:3:   nicolae_volcano_entry_two_sided, grunt_megastairs_4
Lair:4:   mu_elephants_graveyard, minmay_swamp_entry_worms, zaba_antful_of_joy
Lair:5:   maelrawn_ghost_labyrinth_escape, uniq_urug
Lair:6:   gammafunk_lair_ancient_temple, nicolae_slime_entry_slimehenge,
          basic_altar, lemuel_centaur_altar, serial_bayou_shore_a,
          infiniplex_staircase_pool_2
Swamp:1:  hangedman_swamp_blocks, uniq_louise
Swamp:2:  evilmike_swamp_ruin_house_2
Swamp:3:  evilmike_swamp_ruin_wall
Swamp:4:  swamp
Spider:1: uniq_rupert
Spider:4: grunt_spider_rune_circles, nicolae_spider_cling_ruins
Orc:1:    basic_altar, minmay_orc_treasury
Orc:2:    kennysheep_orc_mage_school, okawaru_metal_pillars_3, uniq_josephine
Elf:1:    eino_elf_arrival_the_gate, serial_glass, glass_columns_a,
          glass_columns_a, minmay_elf_annihilation, mumra_transporter_accident,
          uniq_roxanne, uniq_frances
Elf:2:    portal_desolation_entry_nicolae_nacl, serial_shops, shop_statue,
          hex_medium
Vaults:1: st_check, grunt_vaults_twisty, v_misc_19, ontoclasm_vaults_idyll,
          hangedman_vaults_cutoff, vaults_dpeg_cross, ontoclasm_vaults_hangar,
          vaults_dpeg_ring
Vaults:2: nicolae_vaults_twisting_passages, dpeg_vaults_pockets_of_resistance,
          grunt_vaults_trifunnel, v_alt_pattern_4, ontoclasm_vaults_ring_square,
          v_misc_8, ontoclasm_vaults_ring_square,
          nicolae_vaults_network_quinsquares, v_pattern_4,
          vaults_room_stairs_pillars
Vaults:3: hangedman_vaults_cutoff, grunt_vaults_hallway_short,
          hangedman_vaults_snaps, v_misc_14, nicolae_vaults_network_s,
          blue_anna_dwarven_crypt, v_alt_pattern_6, grunt_vaults_hallway_long,
          v_misc_2, ontoclasm_vaults_gateway, vaults_room_door_hall,
          nicolae_vaults_specimen_jars, vaults_room_grid
Vaults:4: vaults_dpeg_diagonal, vaults_mumra_hexcomb,
          vaults_room_grunt_arrival_checkpoint, vaults_dpeg_spiral,
          ontoclasm_vaults_ligature, v_misc_12, grunt_vaults_diagonal,
          v_misc_11, dpeg_vaults_monster_box
Vaults:5: serial_shops, uniq_boris, uniq_jory
Depths:1: rand_demon_pan_entry_3, grunt_decor_resistance, serial_shops,
          nicolae_shop_overgrown_old_shop, pf_hell_entry_great_geh,
          kennysheep_crisscross, minmay_misc_feat_secret_circle,
          kennysheep_big_empty_room, roderic_lattice_a, minmay_holes,
          guppyfry_shop_earth, uniq_saint_roka
Depths:2: evilmike_diamond_2, hell_entry, rand_demon_pan_entry_7,
          minmay_door_square, minmay_shoptagon, infiniplex_staircase_zigzag_5
Depths:3: minmay_the_grid_four_pointed_star, enter_ziggurat_c,
          rand_demon_pan_entry_8, grunt_hell_entry_dis_grunt
Depths:4: hangedman_crystal_crosses_colossus, hell_entry, pan_entry, abyss_entry
Depths:5: grunt_zot_entry_alcove, lightli_too_deep, abyss_entry,
          minmay_misc_feat_alley, pan_entry, kennysheep_random_hallway
Sewer:    sewer_co_tree

Table legend:
 A = Turns spent in this place as a percentage of turns spent in the entire game.
 B = Non-inter-level travel turns spent in this place as a percentage of non-inter-level travel turns spent in the entire game.
 C = Inter-level travel turns spent in this place as a percentage of turns spent in this place.
 D = Turns resting spent in this place as a percentage of non-inter-level travel turns spent in this place.
 E = Turns spent auto-exploring this place as a percentage of non-inter-level travel turns spent in this place.
 F = Non-inter-level travel turns spent in this place divided by the number of levels of this place that you've seen.
                   A       B       C       D       E      F
               +-------+-------+-------+-------+-------+----------------------
         Total | 100.0 | 100.0 |   6.6 |  22.5 |  48.2 | 1125.3
       Dungeon |  26.8 |  25.9 |   9.6 |  14.6 |  60.7 | 875.8
        Temple |   0.0 |   0.0 |  34.8 |   0.0 |  60.0 |  15.0
          Lair |  15.1 |  14.8 |   8.3 |  14.6 |  53.1 | 1249.7
         Swamp |   9.6 |  10.0 |   3.6 |  39.9 |  37.4 | 1261.2
   Spider Nest |   8.2 |   8.3 |   4.9 |  41.5 |  29.9 | 1052.2
  Orcish Mines |   4.6 |   4.7 |   4.2 |  21.5 |  39.0 | 1195.5
   Elven Halls |   4.6 |   4.7 |   3.6 |   7.5 |  63.7 | 1195.0
        Vaults |  14.1 |  13.8 |   8.7 |  21.2 |  44.9 | 1401.2
        Depths |  15.9 |  16.5 |   3.0 |  28.9 |  40.1 | 1668.8
         Sewer |   1.1 |   1.2 |   0.0 |   8.9 |  60.6 | 604.0
               +-------+-------+-------+-------+-------+----------------------

Table legend:
 A = Kills in this place as a percentage of kills in entire the game.
 B = Kills by you in this place as a percentage of kills by you in the entire game.
 C = Kills by friends in this place as a percentage of kills by friends in the entire game.
 D = Other kills in this place as a percentage of other kills in the entire game.
 E = Experience gained in this place as a percentage of experience gained in the entire game.
 F = Experience gained in this place divided by the number of levels of this place that you have seen.
                   A       B       C       D       E      F
               +-------+-------+-------+-------+-------+----------------------
         Total | 100.0 | 100.0 |   N/A | 100.0 | 100.0 | 20790.5
       Dungeon |  24.8 |  24.8 |   N/A |  23.1 |   6.9 | 4282.7
          Lair |  11.5 |  11.6 |   N/A |   7.7 |   7.3 | 11367.2
         Swamp |   8.3 |   8.3 |   N/A |   5.1 |   8.3 | 19461.2
   Spider Nest |   8.4 |   8.6 |   N/A |   0.0 |   7.2 | 16917.2
  Orcish Mines |   7.3 |   7.3 |   N/A |   2.6 |   2.5 | 11556.0
   Elven Halls |   4.4 |   4.4 |   N/A |   5.1 |   6.7 | 31108.0
        Vaults |  18.3 |  18.1 |   N/A |  28.2 |  28.2 | 52813.6
        Depths |  15.6 |  15.4 |   N/A |  28.2 |  32.9 | 61504.8
         Sewer |   1.4 |   1.4 |   N/A |   0.0 |   0.1 | 694.0
               +-------+-------+-------+-------+-------+----------------------
